Map: Blueshift LE

Players

sAviOr

  • Race: Terran Terran
  • League: Master
  • Spawn Location: 1:00

Stukov - Winner!

  • Race: Zerg Zerg
  • League: Master
  • Spawn Location: 7:00

VOD

Have the link to the VOD?

Description

Pool first has a few advantages. It hard counters proxy 2 rax marine, as well as gives you a good tempo tempo vs the standard reaper expand. Lings are sent on a alternative path to the enemy natural and delay natural at worst and cancels natural at best. Additionally because the reaper is either left at home or return home for defense, you usually can take your 3rd uncontested.

I play a slighty greedier version of the build than some players, where i take my first gas at the same time as i take my 3rd. It's only weakness is to early hellion runbys which can be held by ling/queen/drone micro.

I build 6 lings if the terran doesn't scout and 2 lings if the terran scouts. The 2 lings force the reaper to stay home to protect their natural expo.

Time

  • Played on: Aug. 18, 2018, 1:40 p.m.
  • Length: 12:14
Show
View Real Time Build Order
Export as new Build Order

sAviOr Terran 

Build Orders: Reaper Expand, MMM Bio 

Get SALT Encoding   

  12  0:02  SCV  
  13  0:14  SCV  
  13  0:19  Supply Depot  
  14  0:26  SCV  
  15  0:41  SCV  
  16  0:44  Barracks  
  16  0:47  Refinery  
  16  0:53  SCV  
  17  1:05  SCV  
  18  1:17  SCV  
  19  1:31  Orbital Command  
  19  1:35  Reaper  
  20  1:40  Command Center  
  20  1:51  Barracks  
  20  1:56  SCV  
  20  2:01  Supply Depot  
  21  2:06  Refinery  
  21  2:08  SCV  
  22  2:18  Barracks Reactor  
  22  2:21  SCV  
  22  2:33  SCV  
  20  2:59  SCV  
  20  3:00  Barracks Tech Lab  
  20  3:02  Factory  
  21  3:10  Orbital Command  
  21  3:11  SCV  
  22  3:15  Marine  
  22  3:16  Marine  
  24  3:21  Stimpack  
  24  3:23  SCV  
  24  3:25  Marine  
  26  3:35  SCV  
  26  3:38  SCV  
  28  3:47  SCV  
  29  3:50  SCV  
  29  3:54  Factory Reactor  
  29  3:55  Marine x2, Starport  
  31  3:59  SCV  
  31  4:02  SCV  
  33  4:04  Marine  
  34  4:12  SCV  
  34  4:13  Marine x2  
  34  4:14  SCV  
  34  4:15  Supply Depot  
  38  4:22  Marine  
  38  4:24  SCV  
  40  4:26  SCV  
  40  4:30  Marine  
  42  4:36  SCV  
  43  4:38  SCV  
  43  4:40  Medivac x2  
  43  4:42  Marine x2  
  50  4:46  Supply Depot  
  50  4:48  SCV, Marine  
  50  4:50  SCV  
  53  5:00  SCV  
  54  5:07  Marine x3, SCV  
  54  5:08  Widow Mine, Supply Depot  
  54  5:12  SCV  
  61  5:20  SCV  
  62  5:22  Refinery  
  62  5:29  Marine, Medivac, Engineering Bay, SCV  
  62  5:31  Engineering Bay  
  62  5:32  SCV, Barracks  
  62  5:34  Barracks  
  62  5:35  Supply Depot  
  67  5:42  SCV  
  67  5:44  SCV  
  68  5:53  Marine  
  68  5:54  Marine x2, SCV  
  70  6:03  Medivac  
  71  6:06  Terran Infantry Armor Level 1, Terran Infantry Weapons Level 1  
  67  6:11  Marine x3, Refinery  
  72  6:29  Marine x3, Barracks Reactor x2  
  69  6:47  Marine x3  
  72  6:56  Combat Shields  
  72  6:58  Widow Mine, Medivac x2  
  78  7:07  Marine  
  78  7:19  Marine x6, Supply Depot  
  78  7:20  Widow Mine, Supply Depot  
  78  7:21  Supply Depot  
  85  7:23  Supply Depot  
  85  7:25  Marine  
  79  7:37  Marine x5  
  79  7:42  Marine  
  85  7:54  Marine  
  85  7:55  Marine x5  
  89  8:00  Liberator x2, Marine  
  90  8:12  Marine  
  87  8:13  Marine x5  
  87  8:14  Factory Tech Lab  
  87  8:19  Marauder  
  100  8:20  Starport  
  100  8:23  Armory  
  100  8:30  Marine x2  
  100  8:31  Marine x4  
  100  8:32  Command Center  
  106  8:39  Marine  
  107  8:48  Marine x4  
  108  8:52  Liberator x2  
  117  9:11  Starport Tech Lab  
  117  9:16  Marine x7  
  124  9:18  Terran Infantry Weapons Level 2, Terran Infantry Armor Level 2  
  124  9:23  Siege Tank  
  127  9:34  Marine x5  
  132  9:50  Marine  
  132  9:51  Marine  
  132  9:52  Marine x4  
  138  9:55  Siege Tank  
  141  10:28  Siege Tank  
  86  11:05  Marine x3  
  86  11:06  Marine x4  
  77  11:23  Marine x6  
  77  11:24  Marauder  
  82  11:41  Marine x6  
  82  11:45  Marauder  
Show
View Real Time Build Order
Export as new Build Order

Stukov Zerg - Winner!

Build Orders: Pool First 

Get SALT Encoding   

  12  0:00  Drone  
  13  0:12  Overlord  
  13  0:16  Drone  
  14  0:31  Drone x2  
  16  0:40  Spawning Pool  
  15  0:44  Drone  
  15  0:47  Drone  
  17  1:09  Hatchery  
  16  1:13  Drone  
  17  1:27  Zergling x4  
  17  1:28  Zergling x2  
  17  1:31  Queen  
  22  1:39  Overlord  
  22  1:57  Drone  
  23  2:06  Queen  
  23  2:07  Drone  
  26  2:14  Hatchery  
  25  2:16  Extractor  
  25  2:30  Drone x2  
  25  2:32  Queen  
  28  2:43  Drone x3  
  28  2:44  Drone  
  30  2:54  Drone x2  
  31  3:12  Overlord  
  31  3:14  Drone x2  
  31  3:17  Queen  
  31  3:19  Overlord  
  35  3:20  Drone  
  36  3:30  Queen  
  38  3:39  Drone x4  
  38  3:40  Drone  
  43  3:48  Drone x5  
  48  3:54  Metabolic Boost  
  47  3:58  Drone x2  
  47  3:59  Drone  
  50  4:13  Drone, Overlord  
  50  4:14  Drone x5  
  56  4:20  Zergling x2  
  57  4:25  Drone, Extractor  
  57  4:26  Drone  
  57  4:29  Overlord  
  57  4:30  Overlord  
  58  4:32  Drone  
  58  4:37  Drone, Evolution Chamber  
  59  4:38  Evolution Chamber  
  59  4:41  Zergling x6  
  61  4:51  Drone x4, Zergling x2  
  61  4:52  Zergling x6  
  69  4:56  Zergling x2  
  70  5:03  Zerg Ground Armor Level 1  
  70  5:04  Zerg Melee Weapons Level 1  
  70  5:05  Zergling x6  
  70  5:06  Zergling x2  
  74  5:14  Overlord  
  74  5:15  Zergling x12  
  74  5:18  Drone x2  
  82  5:25  Lair  
  82  5:28  Overlord x2  
  82  5:30  Extractor  
  78  5:52  Drone x3  
  78  5:56  Hatchery  
  80  5:58  Baneling Nest  
  80  6:01  Overlord  
  80  6:02  Drone x3  
  80  6:03  Drone x3, Extractor  
  83  6:08  Hatchery  
  82  6:17  Drone x3  
  82  6:18  Spore Crawler  
  84  6:19  Drone x3  
  84  6:20  Spine Crawler  
  82  6:25  Extractor  
  82  6:26  Drone x3  
  82  6:27  Drone x3, Extractor  
  86  6:36  Zergling x2  
  86  6:37  Zergling x4  
  89  6:41  Spore Crawler  
  89  6:44  Zergling x4  
  89  6:45  Zergling x2  
  89  6:50  Zergling x6  
  89  6:53  Queen  
  94  6:58  Centrifical Hooks  
  94  7:02  Zerg Melee Weapons Level 2  
  94  7:03  Hydralisk Den, Zerg Ground Armor Level 2  
  94  7:04  Overlord x2  
  94  7:05  Zergling x2  
  94  7:06  Zergling x10  
  99  7:09  Queen  
  99  7:15  Baneling x4  
  101  7:16  Zergling x2  
  101  7:17  Zergling x12  
  108  7:23  Queen  
  108  7:25  Overlord  
  108  7:26  Drone x5  
  115  7:34  Grooved Spines  
  114  7:43  Hydralisk x5  
  123  7:46  Drone  
  123  7:47  Drone x2  
  123  7:48  Drone x4  
  123  7:49  Drone x2  
  131  8:10  Overlord  
  131  8:12  Hydralisk x5  
  139  8:15  Spore Crawler  
  139  8:16  Zergling x2  
  139  8:17  Spine Crawler, Zergling x2  
  139  8:18  Overlord  
  141  8:25  Infestation Pit  
  141  8:26  Spine Crawler  
  139  8:28  Zergling x4  
  139  8:29  Zergling x18  
  149  8:46  Muscular Augments  
  149  8:47  Overlord x2  
  149  8:50  Hydralisk x4  
  149  8:52  Overlord x3  
  156  9:12  Baneling x3  
  156  9:13  Baneling x3  
  156  9:14  Zergling x2  
  156  9:15  Zergling x28  
  171  9:18  Hive  
  171  9:22  Extractor  
  170  9:24  Extractor  
  169  9:39  Overlord x3  
  169  10:08  Zergling x14  
  169  10:09  Zergling x32  
  192  10:14  Baneling  
  192  10:15  Baneling x15  
  192  10:16  Baneling x3  
  192  10:23  Zergling x2  
  192  10:24  Zergling x14  
  200  10:29  Baneling x8  
  158  10:59  Hydralisk x15  
  184  11:08  Zergling x2  
  184  11:09  Zergling x8  
  174  11:16  Ultralisk Cavern  
  172  11:19  Overseer  
  172  11:20  Overseer  
  172  11:21  Pneumatized Carapace  
  169  11:26  Drone  
  169  11:27  Drone x5, Spore Crawler  
Tags
 
Add a new tag
Caveats
  • Supply blocks, unpowered buildings, or Contaminate may cause inaccurate times.
  • Supply counts are checked every 10 seconds.